[Event "*** Titled Tuesday Blitz"]
[Site "Chess.com"]
[Date "2019.08.06"]
[Round "1"]
[White "pedro_gines"]
[Black "hurricane7791"]
[Result "0-1"]
[WhiteElo "2373"]
[BlackElo "2723"]
[TimeControl "180+2"]
[EndTime "13:10:59 PDT"]
[Termination "hurricane7791 won by resignation"]

1. d4 Nf6 2. Nf3 e6 3. g3 c5 4. Bg2 cxd4 5. Nxd4 d5 6. O-O e5 7. Nb3 Be6 8. c4 Nc6 9. cxd5 Nxd5 10. N1d2 Rc8 11. Ne4 b6 12. Ng5 Ndb4 13. Nxe6 Qxd1 14. Nxg7+ Bxg7 15. Rxd1 O-O 16. a3 Nc2 17. Rb1 a5 18. Be4 N6d4 19. Nxd4 Nxd4 20. e3 Nb3 21. Bd2 Nxd2 22.
Rxd2 f5 23. Bd5+ Kh8 24. Be6 Rc6 25. Bd7 Rc7 26. b4 axb4 27. axb4 f4 28. exf4 exf4 29.
b5 fxg3 30. hxg3 Bh6 31. Rd3 Bg5 32. Bc6 Be7 33. Rbd1 Bc5 34. R1d2 Rcf7 35. Rd8 Rxf2 36. Rxf8+ Rxf8+ 37. Kg2 h6 38. Re2 Kh7 39. Rd2 Kg6 40. Re2 Kg5 41. Re5+ Kf6 42. Re4 Rd8 43. Rf4+ Kg5 44.
Re4 Rd3 45. Re5+ Kf6 46. Re4 Bd6 47. g4 Rg3+ 48. Kf2 Ra3 49. Ke2 Kg5 50. Re6 Bc5 51. Be8 Kxg4 52. Rg6+ Kf5 53. Rg8 Re3+ 54. Kd2 Re7 55. Bc6 h5 56. Rf8+ Kg5 57. Rg8+ Kf4 58. Rf8+ Kg3 59. Rg8+ Kh3 60. Bg2+ Kh2 61. Bd5 Rd7 62. Rg5 h4 63. Ke2 h3 64. Rh5 Re7+ 65. Kf3 Re3+ 66. Kf4 Rg3 67. Be6 Bd6+ 68. Ke4 Kg2 69. Kd5 Bc5 70. Kc6 h2 71. Bd5+ Kg1 72. Rh6 Rg5 73. Be4 Re5 74. Rg6+ Kf2 75. Bh1 Re1 76.
Rg2+ Kf3 77. Rxh2+ Kg3 78. Rh6 Kf4 79. Bd5 Kg5 80.
Rh7 Kg6 81. Rh2 Re7 82. Rg2+ Kf6 83. Rg3 Rh7 84. Rc3 Bd4 85. Rc4 Ke5 86. Bg8 Rh8 87.
Bf7 Rf8 88. Rxd4 Kxd4 89. Be6 Rf6 90. Kd6 Rh6 91. Ke7 Kc5 92. Bd7 Rh7+ 0-1

[Event "*** Titled Tuesday Blitz"]
[Site "Chess.com"]
[Date "2019.08.06"]
[Round "1"]
[White "fidezivkovic"]
[Black "LuckyTiger"]
[Result "0-1"]
[WhiteElo "2280"]
[BlackElo "2637"]
[TimeControl "180+2"]
[EndTime "13:11:03 PDT"]
[Termination "LuckyTiger won on time"]

1. e4 c5 2. Nc3 a6 3. f4 b5 4. g3 Bb7 5. Bg2 e6 6. Nge2 h5 7. h3 d5 8. exd5 exd5 9. d4 c4 10.
a3 Nf6 11. Be3 Bd6 12. Qd2 O-O 13. O-O Re8 14. Rae1 Bc6 15. f5 Nbd7 16. Bg5 Qb6 17. Nf4 Qb7 18. Bf3 a5 19. Kh2 b4 20. axb4 axb4 21. Nd1 Qc7 22. Qg2 h4 23. Bxh4 Bxf4 24.
gxf4 Qxf4+ 25. Bg3 Qxd4 26. Rg1 Rxe1 27. Bxe1 Ne4 28.
Bxe4 dxe4 29. Ne3 c3 30. bxc3 bxc3 31. Bf2 Kf8 32. Ng4 Qd6+ 33. Bg3 Qd2 34. Qxd2 cxd2 35. Bd6+ Ke8 36. Rd1 Ra2 37. Rxd2 Ba4 38. Ne3 f6 39. Kg3 Kf7 40. Kf4 Nb6 41. Kxe4 Bc6+ 42. Kd4 Ra5 43.
Bc7 Ra4+ 44. c4 Nd7 45. h4 Ra1 46. Bd6 Rh1 47. Bg3 Rg1 48. Bf2 Ra1 49. Rb2 Ke7 50.
Nd5+ Kf7 51. Bg3 Rd1+ 52. Ke3 Bxd5 53. cxd5 Rxd5 54. Ke4 Rd1 55. Rb7 Kg8 56. Ke3 Rd5 57. Ke4 Rd1 58. Ke3 Kh7 59. Bf4 Nc5 60. Rc7 Nd7 0-1

[Event "*** Titled Tuesday Blitz"]
[Site "Chess.com"]
[Date "2019.08.06"]
[Round "1"]
[White "albi1999"]
[Black "Sanan_Sjugirov"]
[Result "0-1"]
[WhiteElo "2482"]
[BlackElo "2911"]
[TimeControl "180+2"]
[EndTime "13:11:10 PDT"]
[Termination "Sanan_Sjugirov won by resignation"]

1. d4 Nf6 2. c4 g6 3. g3 Bg7 4. Bg2 O-O 5. Nc3 c5 6. Nf3 cxd4 7. Nxd4 Qc7 8. Qd3 Nc6 9. O-O Ne5 10. Qe3 a6 11. b3 d6 12. Bb2 Bd7 13. Rac1 Rab8 14.
h3 Rfe8 15. Qd2 Qc8 16. Kh2 Qc5 17. a3 Qa7 18. a4 Rbc8 19. Rfd1 Nc6 20. e3 Nxd4 21. exd4 Bc6 22. d5 Bd7 23. Re1 Qb6 24. Qd1 Qxf2 25. Rc2 Qb6 26. Rce2 e5 27. dxe6 Bxe6 28.
Rf1 Bf5 29. Rxe8+ Rxe8 30. g4 Be6 31. Nd5 Bxd5 32. Bxd5 Nxd5 33. Qxd5 Qc7 34. Bxg7 Kxg7 35. Qd4+ Kg8 36. Qd5 Qe7 37. Kg3 Qe3+ 38. Kg2 Qe7 39. Rf2 b6 40. Rd2 Qe3 41. Rf2 Qe6 42. Rd2 Qe3 43.
Rf2 Rf8 44. Rf3 Qe2+ 45. Kg3 Qe1+ 46. Kg2 Qe2+ 47. Kg3 Qe7 48. Rd3 Qe1+ 49. Kg2 Re8 50. Rd2 Re6 51. Rf2 a5 52. Qa8+ Kg7 53. Qb7 Qe4+ 54.
Qxe4 Rxe4 55. Rd2 Re3 56. Rxd6 Rxb3 57. g5 Rb4 58. Rc6 Rxa4 59. Rxb6 Rxc4 60. Kg3 a4 61. Ra6 h6 62. h4 hxg5 63. hxg5 Kf8 64. Ra7 Ke8 65.
Kf3 Rb4 66. Kg3 Rb3+ 67. Kf4 Rb4+ 68. Ke5 Kf8 69. Ra8+ Kg7 70. Kd6 Rb5 71. Rxa4 0-1

[Event "*** Titled Tuesday Blitz"]
[Site "Chess.com"]
[Date "2019.08.06"]
[Round "1"]
[White "darsen_sanzhaev"]
[Black "Spring199"]
[Result "1-0"]
[WhiteElo "2594"]
[BlackElo "2200"]
[TimeControl "180+2"]
[EndTime "13:11:13 PDT"]
[Termination "darsen_sanzhaev won by resignation"]

1. d4 Nf6 2. c4 e6 3. g3 d5 4. Bg2 Be7 5. Nf3 O-O 6. O-O dxc4 7. Ne5 c5 8. dxc5 Qc7 9. Nxc4 Qxc5 10. b3 Rd8 11.
Qc2 Nc6 12. Nbd2 Qh5 13. e3 Nb4 14. Qd1 Qxd1 15. Rxd1 Nd3 16. Ne4 Nxc1 17. Raxc1 Nd5 18. Nc3 Nxc3 19. Rxd8+ Bxd8 20. Rxc3 Be7 21. Rd3 Rb8 22. Na5 Kf8 23. Nc4 f6 24. h4 e5 25. Nd6 Bxd6 26.
Rxd6 Ke7 27. Rd2 Be6 28. Kf1 b6 29. Ke2 Rc8 30. Kd1 Bg4+ 31. f3 Be6 32. Rc2 Rd8+ 33. Rd2 Rc8 34. Rc2 Rxc2 35. Kxc2 Kd6 36. Kc3 Kc5 37. b4+ Kb5 38. a3 Ka4 39. Kb2 f5 40. f4 exf4 41. Bc6+ b5 42. gxf4 a5 43. Kc3 Bc4 44.
bxa5 Kxa5 45. Bd7 Ka4 46. Bxf5 Kxa3 47. Bxh7 Bf7 48. Bd3 b4+ 49. Kd4 b3 50. e4 b2 51. e5 Be6 52. f5 Bf7 53. e6 Be8 54. Ke5 Kb3 55. Bb1 Kc3 56. f6 gxf6+ 57. Kxf6 Kd4 58. Ke7 Bh5 59. Kd6 Ke3 60. Ke5 Kf3 61. Kf5 Kg3 62. Kg5 Be8 63. h5 Bxh5 64. Kxh5 Kf4 65. e7 1-0

[Event "*** Titled Tuesday Blitz"]
[Site "Chess.com"]
[Date "2019.08.06"]
[Round "1"]
[White "vpsetter"]
[Black "JakeCarlosBanawa"]
[Result "1/2-1/2"]
[WhiteElo "2645"]
[BlackElo "2465"]
[TimeControl "180+2"]
[EndTime "13:11:35 PDT"]
[Termination "Game drawn by repetition"]

1. e4 c5 2. Nf3 d6 3. d4 cxd4 4.
Nxd4 Nf6 5. Nc3 a6 6. Be2 e5 7. Nb3 Be7 8. O-O O-O 9. Kh1 Be6 10. f4 exf4 11. Bxf4 Nc6 12. Bf3 Ne5 13. Nd4 Rc8 14. Nf5 Re8 15. Qd4 Rc4 16. Qd2 Qc7 17. Ne3 Rc5 18.
Ncd5 Bxd5 19. exd5 Nxf3 20. Rxf3 Nh5 21. g3 Nxf4 22.
gxf4 Bf6 23. c3 g6 24. f5 Bg5 25. Rg1 Qe7 26. Rgg3 Qe4 27. fxg6 hxg6 28. Qf2 Bxe3 29. Qxe3 Qb1+ 30. Qg1 Qc2 31. Rf2 Qe4+ 32. Qg2 Qb1+ 33. Rf1 Re1 34. Rf3 Rxd5 35. Rxf7 Rxf1+ 36. Rxf1 Rd1 37.
Kg1 Rxf1+ 38. Qxf1 Qxb2 39. Qd3 Qa1+ 40. Kg2 Qxa2+ 41.
Kg3 Qe6 42. Qb1 Qe5+ 43. Kg2 Qd5+ 44. Kg3 b5 45. Qxg6+ Kf8 46. Qf6+ Ke8 47. h4 a5 48. Qg6+ Qf7 49. Qe4+ Qe7 50. Qa8+ Kf7 51. Qd5+ Qe6 52. Qxb5 Qe3+ 53. Kg4 Qxc3 54. Qb7+ Ke6 55. Qe4+ Qe5 56. Qc4+ Qd5 57. Qc8+ Kf6 58. Qd8+ Ke5 59. Qg5+ Kd4 60. Qd2+ Ke5 61. Qg5+ Ke6 62. Qg8+ Ke5 63. Qg7+ Ke4 64. h5 Qf5+ 65. Kh4 Qf2+ 66. Kg5 Qf4+ 67. Kg6 Qf5+ 68.
Kh6 Qf4+ 69. Kh7 Qf5+ 70. Kh6 a4 71. Qb7+ Ke5 72. Qb5+ d5 73. Qxa4 Qf6+ 74. Kh7 Qf7+ 75. Kh6 Qf6+ 76. Kh7 Qf7+ 77. Kh6 Qf6+ 1/2-1/2

[Event "*** Titled Tuesday Blitz"]
[Site "Chess.com"]
[Date "2019.08.06"]
[Round "1"]
[White "vova-79"]
[Black "David_Paravyan"]
[Result "0-1"]
[WhiteElo "2460"]
[BlackElo "2890"]
[TimeControl "180+2"]
[EndTime "13:12:02 PDT"]
[Termination "David_Paravyan won by resignation"]

1. d4 Nf6 2. c4 e6 3. Nc3 Bb4 4. e3 d5 5. a3 Be7 6. cxd5 exd5 7. Nge2 O-O 8. Nf4 Re8 9. Bd3 Na6 10.
O-O c6 11. b4 Nc7 12. Kh1 a5 13. Rb1 b5 14. f3 Na6 15. Na2 Bd6 16. Bd2 axb4 17.
axb4 Qe7 18. Qc2 Bd7 19. Rfc1 h6 20. Bf5 Rec8 21. Bxd7 Qxd7 22. Nd3 Qe7 23. Re1 h5 24. Nac1 Nd7 25. Nc5 Nb6 26. Ra1 Bxc5 27. dxc5 Nc4 28. Qf5 g6 29. Qd3 Re8 30. Bc3 Nxb4 31. Qd4 f6 32.
Rxa8 Rxa8 33. Bxb4 Ra4 34. Bc3 Ne5 35. Qd2 Qxc5 36. Bd4 Qc4 37. h3 Kf7 38. Bxe5 fxe5 39. e4 d4 40. Qh6 Ra1 41. Rg1 Qe6 42. f4 exf4 43. Qxf4+ Kg7 44. Nd3 Rxg1+ 45. Kxg1 Qe7 46. e5 c5 47. Qe4 Qe6 48. Nf4 Qf5 49. Qb7+ Kh6 50. g3 Qb1+ 51. Kg2 Qc2+ 52. Kg1 Qd1+ 53. Kg2 Qd2+ 54. Kg1 Qe1+ 55. Kg2 Qd2+ 56. Kg1 Qe3+ 57.
Kg2 h4 58. Qf3 Qxe5 59. gxh4 c4 60. Qg4 Qe4+ 61. Kg3 Qe3+ 62. Kg2 Qe4+ 63. Kg3 Qf5 64. Qf3 d3 65. Nd5 Qe5+ 66. Qf4+ Qxf4+ 67. Kxf4 d2 68. Nc3 b4 69. Nd1 c3 70. Ke3 c2 71. Kxd2 cxd1=Q+ 72. Kxd1 Kh5 73. Kc2 Kxh4 74. Kb3 Kxh3 75. Kxb4 g5 0-1

[Event "*** Titled Tuesday Blitz"]
[Site "Chess.com"]
[Date "2019.08.06"]
[Round "1"]
[White "StephenDedalus83"]
[Black "2nd_life"]
[Result "0-1"]
[WhiteElo "2810"]
[BlackElo "2432"]
[TimeControl "180+2"]
[EndTime "13:12:28 PDT"]
[Termination "2nd_life won by resignation"]

1. e4 e5 2. Nf3 Nc6 3. Bb5 a6 4. Ba4 Nf6 5. O-O Be7 6. Re1 b5 7. Bb3 d6 8. c3 O-O 9. h3 Bb7 10. d4 Re8 11. Nbd2 Bf8 12. a3 h6 13. d5 Nb8 14. Nf1 c6 15. dxc6 Nxc6 16. Ng3 Na5 17. Ba2 Rc8 18. Nh2 Nc4 19. Ng4 Nxg4 20. Qxg4 g6 21.
Nf5 Kh7 22. Ne3 Qf6 23. Qe2 Nxe3 24. Qxe3 Re7 25. Rd1 Rec7 26. Qe2 Qh4 27. f3 Qf6 28. Be3 h5 29. Qd2 Be7 30. Bd5 Bxd5 31. Qxd5 Qe6 32.
Rd2 Kg7 33. Rad1 Rc6 34. Rd3 Qxd5 35. Rxd5 Kf6 36. Kf2 Ke6 37. Ke2 f5 38. exf5+ gxf5 39. f4 e4 40. g4 hxg4 41. hxg4 fxg4 42. f5+ Kd7 43. Rh1 Rf8 44. Rh7 Kd8 45. Bh6 Rg8 46. Bg7 Rc7 47. Kf2 Bf8 48. Bf6+ Kc8 49. Rxc7+ Kxc7 50. Kg3 Kc6 51. Rd1 d5 52. Bd4 Bd6+ 53. Kg2 g3 54. Rh1 Rf8 55. Rh5 Rf7 56. f6 Bc7 57.
Rh6 Bd6 58. Rg6 Bc5 59. Rg7 Rf8 60. f7 Bxd4 61. cxd4 Kd6 62. Rg6+ Ke7 63. Rxa6 Rxf7 64. Kxg3 Rf3+ 65. Kg4 Rd3 66. Rb6 Rxd4 67. Rxb5 Kd6 68.
Kf4 Rd3 69. b4 Rf3+ 70. Kg4 Rxa3 71. Rb8 Ke5 72. b5 Kd4 73. b6 Rb3 74. b7 Ke3 75. Kf5 d4 76. Re8 Rb5+ 77. Re5 Rxb7 78. Rxe4+ Kd3 79. Re8 Kd2 80. Ke4 d3 81. Rd8 Re7+ 82. Kd4 Ke2 83. Kc3 Rc7+ 84. Kb2 d2 85. Re8+ Kd1 86.
Rh8 Rc1 87. Rh1+ Ke2 88. Rh2+ Kd3 89. Rh3+ Kc4 90. Rh4+ Kb5 91. Rh5+ Kc6 92. Rh6+ Kd7 93. Rh7+ Ke8 94. Rh8+ Kf7 0-1

[Event "*** Titled Tuesday Blitz"]
[Site "Chess.com"]
[Date "2019.08.06"]
[Round "1"]
[White "Orest_Vovk"]
[Black "RitvarsReimanis"]
[Result "1/2-1/2"]
[WhiteElo "2206"]
[BlackElo "2583"]
[TimeControl "180+2"]
[EndTime "13:12:54 PDT"]
[Termination "Game drawn by 50-move rule"]

1. h4 b6 2. h5 Bb7 3. d4 h6 4. Nc3 Nf6 5. Rh4 e6 6. e4 Bb4 7.
Bd3 c5 8. dxc5 bxc5 9. Bd2 Nc6 10. a3 Ba5 11. Nb5 O-O 12. Nd6 Bxd2+ 13. Qxd2 Qc7 14. Nxb7 Qxb7 15. b3 Ne5 16. Nf3 Nxd3+ 17. Qxd3 d5 18. exd5 exd5 19. Kf1 Rae8 20. Kg1 Re4 21. Rd1 Rfe8 22.
Rh3 Qc7 23. c4 dxc4 24. bxc4 Qc6 25. Rh4 Rxh4 26. Nxh4 Nxh5 27. g3 Nf6 28. Nf5 Qe4 29. Qxe4 Rxe4 30. Rd8+ Kh7 31. Nd6 Re1+ 32. Kg2 Kg6 33.
Rc8 Ra1 34. Rxc5 Rxa3 35. Rc7 Ra2 36. Nxf7 Ng4 37. Nd6 Nxf2 38. Kf3 Nd3 39. Ke4 Nb4 40. c5 a5 41. g4 Rc2 42. Nf5 Rc4+ 43. Kf3 h5 44. Rxg7+ Kf6 45. gxh5 Kxf5 46. h6 Rc3+ 47. Ke2 Kf6 48. Ra7 Rxc5 49. h7 Rh5 50. Rxa5 Rxh7 51.
Rb5 Nc6 52. Rb6 Rc7 53. Kf3 Ke5 54. Rb5+ Kd4 55. Rb6 Rf7+ 56. Kg3 Ne5 57. Rb4+ Nc4 58. Ra4 Kd3 59. Ra8 Ke4 60. Ra4 Rg7+ 61. Kf2 Kd3 62. Kf3 Rf7+ 63. Kg4 Nd2 64. Ra3+ Kd4 65. Ra4+ Nc4 66.
Kg5 Rf1 67. Kg4 Kd5 68. Kg5 Rg1+ 69. Kf4 Rf1+ 70. Kg5 Nb6 71. Ra5+ Ke4 72. Ra6 Nd5 73. Ra4+ Ke5 74. Kg4 Ne3+ 75. Kg3 Nc2 76. Ra5+ Ke4 77. Ra4+ Nd4 78. Kg2 Rf5 79. Kg3 Rg5+ 80. Kf2 Rg6 81. Ra8 Nf5 82. Ra4+ Nd4 83. Ra8 Rf6+ 84. Kg3 Nf5+ 85.
Kf2 Nd6+ 86. Kg3 Nc4 87. Ra4 Kd3 88. Kg4 Ne5+ 89. Kg5 Rf8 90. Ra3+ Kd4 91. Ra4+ Nc4 92. Ra7 Nd6 93. Ra4+ Ke5 94. Ra5+ Ke6 95. Ra6 Rf2 96. Kg4 Kd5 97. Ra5+ Kd4 98. Ra4+ Nc4 99. Kg3 Rf7 100. Kg4 Kd5 1/2-1/2

[Event "*** Titled Tuesday Blitz"]
[Site "Chess.com"]
[Date "2019.08.06"]
[Round "1"]
[White "penguingm1"]
[Black "Evgeny81"]
[Result "0-1"]
[WhiteElo "3028"]
[BlackElo "2604"]
[TimeControl "180+2"]
[EndTime "13:13:09 PDT"]
[Termination "Evgeny81 won by resignation"]

1. d4 d5 2. Bf4 Nf6 3. e3 g6 4. Nc3 Bg7 5. h4 O-O 6. h5 Nxh5 7. Rxh5 gxh5 8. Qxh5 e6 9. Nf3 Nd7 10. Bd3 f5 11.
O-O-O Nf6 12. Qh2 Ng4 13. Qg3 c5 14. Rh1 cxd4 15. exd4 Bd7 16. Ne5 Nxe5 17. Bxe5 Rf7 18. Ne2 Kh8 19. Nf4 Bxe5 20. Ng6+ Kg8 21. Qxe5 Qf6 22.
Qxf6 Rxf6 23. Ne5 Be8 24. Kd2 Rc8 25. g3 Rc7 26. Ke3 a6 27. Kf4 Bb5 28. c3 Bxd3 29. Nxd3 Rg6 30. Ke5 Rc6 31. Nf4 Rg4 32. Rh3 Rb6 33. f3 Rg7 34. Nh5 Rc7 35. Rh2 Kf7 36. Nf4 Kg8 37. Kf6 Rf7+ 38. Ke5 Rc7 39. a4 a5 40. Nh5 Rf7 41. Nf6+ Kh8 42. Ne8 Re7 43. Nd6 Rg7 44. Rg2 f4 45. g4 Rg5+ 46. Kxf4 Rg8 47.
Ke5 Rg5+ 48. Kf4 Rg7 49. Nb5 Rf7+ 50. Kg3 Rc6 51. Re2 Kg7 52. Na7 Rb6 53. Nb5 Rc6 54. Na3 Kf6 55. Re3 Rb6 56. Re2 Rc6 57. Nc2 Rg7 58.
Kh4 Rb6 59. Ne1 Rc6 60. Nd3 Rc4 61. Nc5 Re7 62. g5+ Kf7 63. Re3 b6 64. Nd3 Rxa4 65. Ne5+ Kg7 66. Nc6 Re8 67. Kg4 Ra1 68. Ne5 Rg1+ 69.
Kh4 h6 70. Ng4 Rh1+ 71. Kg3 hxg5 72. Re5 Kg6 73. Re2 Rh7 74. Ne5+ Kf6 75. Ng4+ Ke7 76. Re1 Rf8 77. Ne3 Kd6 78. Ng4 Rfh8 79. Nf2 a4 80.
Re5 Rg7 81. Re1 Rc8 82. Nd3 a3 83. Rc1 axb2 84. Nxb2 Ra7 85. Nd1 Ra2 86. Rb1 Rc6 87.
Nf2 Rc2 88. Nd1 Kc7 89. Kg4 Rg2+ 90. Kh3 Rg1 91. Ra1 Kb7 92. Rc1 Rc8 93. Kh2 Re1 94. Kg3 Rh8 95. Kg4 Rhh1 96. Kxg5 Rxd1 97. Rc2 Rhg1+ 98.
Kf6 Rge1 99. Ke7 Rc1 100. Rf2 Rxc3 101. f4 Rc7+ 102. Kd6 Rc6+ 103. Kd7 Rh1 104. Rh2 Rxh2 0-1

[Event "*** Titled Tuesday Blitz"]
[Site "Chess.com"]
[Date "2019.08.06"]
[Round "1"]
[White "swayamsm"]
[Black "Micki-taryan"]
[Result "0-1"]
[WhiteElo "2494"]
[BlackElo "2954"]
[TimeControl "180+2"]
[EndTime "13:14:00 PDT"]
[Termination "Micki-taryan won by resignation"]

1. d4 Nf6 2. Nf3 e6 3. Bf4 b6 4. e3 Bb7 5. Nbd2 Bd6 6. Bg3 O-O 7. Bd3 Nc6 8. c3 Ne7 9. e4 Bxg3 10. hxg3 d6 11.
Qc2 Ng6 12. O-O-O e5 13. Nh4 Nxh4 14. Rxh4 Qe7 15. Rdh1 Bc8 16. f3 h6 17. g4 Nh7 18.
Nf1 Be6 19. Kb1 a6 20. Ne3 b5 21. g3 c5 22. d5 Bd7 23. f4 f6 24. Be2 a5 25. Nf5 Bxf5 26. gxf5 c4 27. Bh5 Rfb8 28.
Bg6 b4 29. Bxh7+ Kxh7 30. Qh2 Kg8 31. Rg4 Kf8 32. Kc2 exf4 33. Rxf4 Rb7 34. Qe2 bxc3 35.
bxc3 Qd7 36. Qxc4 Rc8 37. Qd4 Rcb8 38. Kd3 Rb2 39. Rf2 Rxf2 40. Qxf2 Qb5+ 41. Ke3 Qc5+ 42.
Kf3 Qxc3+ 43. Kg4 Kg8 44. Re1 Rb2 45. Re2 Rb1 46. Rc2 Qd3 47. Rc8+ Kh7 48. Qf3 Qd2 49. Kh3 Re1 50. Rc7 Qg5 51. Rd7 Re3 52. Qg4 Qxg4+ 53.
Kxg4 Rxe4+ 54. Kh5 Ra4 55. Rxd6 Rxa2 56. Rd7 Rd2 57.
d6 Rd5 58. g4 a4 59. Kh4 a3 60. Ra7 Rd4 61. Rxa3 Rxd6 62. Ra8 Rd1 63. Ra7 Rh1+ 64. Kg3 h5 65. gxh5 Rxh5 66. Kg4 Rh1 67. Ra8 Rg1+ 68.
Kf4 Rc1 69. Kg4 Rc4+ 70. Kh5 Rf4 71. Ra5 Rf1 72. Rb5 Rh1+ 73. Kg4 Kh6 74. Rb8 Rg1+ 75. Kh4 Kh7 76. Ra8 Rg5 77. Ra5 Kh6 78. Rb5 g6 79.
Ra5 Rxf5 80. Ra6 Rf4+ 81. Kg3 Kg5 82. Ra5+ f5 83. Ra3 Rh4 84. Ra6 f4+ 85. Kf3 Rh3+ 86. Kf2 Re3 87. Rb6 Kf5 88. Rb5+ Re5 89. Rb1 g5 90. Rb8 g4 91. Rf8+ Ke4 92. Rg8 g3+ 93.
Kg2 Ke3 94. Rf8 Re4 95. Rf7 Ra4 96. Re7+ Re4 97. Rf7 Ke2 98. Rf8 Ke1 99. Kg1 Kd2 100.
Rf7 Re1+ 101. Kg2 Re2+ 102. Kg1 Ke3 103. Ra7 Kf3 104. Ra3+ Re3 105. Ra1 g2 106. Rd1 Ke2 107. Ra1 f3 108.
Ra2+ Kd3 109. Ra3+ Ke4 110. Ra4+ Kf5 111. Ra5+ Re5 112. Ra1 Re4 113. Kf2 Kf4 114. Rb1 Re2+ 115. Kg1 Kg3 0-1

[Event "*** Titled Tuesday Blitz"]
[Site "Chess.com"]
[Date "2019.08.06"]
[Round "2"]
[White "FearNoEvil12"]
[Black "Samantha_Ross"]
[Result "1-0"]
[WhiteElo "1993"]
[BlackElo "2066"]
[TimeControl "180+2"]
[EndTime "13:16:17 PDT"]
[Termination "FearNoEvil12 won by checkmate"]

1. e4 c5 2. Nc3 d6 3. f4 Nc6 4.
Bc4 Nf6 5. Nf3 g6 6. f5 Bg7 7. d3 gxf5 8. O-O fxe4 9. dxe4 Bg4 10. Qe1 Bxf3 11. Rxf3 a6 12. Rg3 Bf8 13. Bf4 b5 14. Be2 Nd4 15. Qd2 b4 16. Nd5 Nxe4 17. Qe3 Nxg3 18.
Nf6# 1-0

[Event "*** Titled Tuesday Blitz"]
[Site "Chess.com"]
[Date "2019.08.06"]
[Round "2"]
[White "moro182"]
[Black "DiogenesSinopeus"]
[Result "1-0"]
[WhiteElo "2812"]
[BlackElo "2399"]
[TimeControl "180+2"]
[EndTime "13:16:20 PDT"]
[Termination "moro182 won by resignation"]

1. d4 Nf6 2. c4 e6 3. Nc3 Bb4 4.
e3 O-O 5. Bd3 d5 6. Nf3 c5 7.
O-O Nc6 8. a3 Ba5 9. cxd5 exd5 10. dxc5 Bxc3 11. bxc3 Bg4 12. Be2 Qa5 13. Bb2 Qxc5 14.
Rc1 b5 15. a4 a6 16. Qb3 Rab8 17. Ba3 1-0

[Event "*** Titled Tuesday Blitz"]
[Site "Chess.com"]
[Date "2019.08.06"]
[Round "2"]
[White "PNEPaul"]
[Black "Msb2"]
[Result "0-1"]
[WhiteElo "1749"]
[BlackElo "2863"]
[TimeControl "180+2"]
[EndTime "13:16:43 PDT"]
[Termination "Msb2 won by resignation"]

1. e4 c6 2. d4 d5 3. e5 Bf5 4. Nc3 e6 5. g4 Bg6 6. Nge2 c5 7. h4 h5 8. Nf4 Bh7 9. g5 Nc6 10. Bb5 Bf5 11. O-O Ne7 12. dxc5 Ng6 13. Nxg6 fxg6 14. f4 Bxc5+ 15. Kg2 O-O 16. a3 d4 17. Na4 Be7 18. Bd3 b5 19. Bxb5 Qd5+ 20. Qf3 Qxb5 0-1

[Event "*** Titled Tuesday Blitz"]
[Site "Chess.com"]
[Date "2019.08.06"]
[Round "2"]
[White "GuerrieroFromLevant"]
[Black "Infernal_XaM"]
[Result "0-1"]
[WhiteElo "2380"]
[BlackElo "2832"]
[TimeControl "180+2"]
[EndTime "13:16:56 PDT"]
[Termination "Infernal_XaM won by resignation"]

1. e4 e5 2. Nf3 Nf6 3. Nxe5 Nxe4 4. Qe2 Qe7 5. d4 d6 6. Qxe4 dxe5 7. Qxe5 Qxe5+ 8. dxe5 Nc6 9. Bb5 Bd7 10. O-O O-O-O 11. Bxc6 Bxc6 12. Nc3 Bb4 13. Bg5 Rd4 14. Rad1 Rg4 15.
g3 Rxg5 16. f4 Bc5+ 17. Rf2 Rh5 18. Nd5 Bxf2+ 0-1

[Event "*** Titled Tuesday Blitz"]
[Site "Chess.com"]
[Date "2019.08.06"]
[Round "2"]
[White "Th3ChessViking"]
[Black "hamelekh"]
[Result "1-0"]
[WhiteElo "2414"]
[BlackElo "2636"]
[TimeControl "180+2"]
[EndTime "13:16:59 PDT"]
[Termination "Th3ChessViking won by resignation"]

1. d4 Nf6 2. c4 e6 3. Nf3 b6 4.
g3 Ba6 5. Qa4 c6 6. Bg2 d5 7. cxd5 exd5 8. Nc3 Be7 9. O-O O-O 10.
Bf4 Bb7 11. Rac1 Nbd7 12. Rfd1 Re8 13. Ne5 Nxe5 14. Bxe5 Nd7 15. Bf4 f5 16. Nxd5 cxd5 17. Rc7 Bc8 18. Bxd5+ 1-0

[Event "*** Titled Tuesday Blitz"]
[Site "Chess.com"]
[Date "2019.08.06"]
[Round "2"]
[White "Kirill_Kopenkin"]
[Black "underdogchss"]
[Result "0-1"]
[WhiteElo "2423"]
[BlackElo "2507"]
[TimeControl "180+2"]
[EndTime "13:17:06 PDT"]
[Termination "underdogchss won by resignation"]

1. e4 c5 2. Nf3 d6 3. d4 cxd4 4. Nxd4 Nf6 5. Nc3 a6 6. f3 e5 7. Nb3 Be7 8. Be3 Be6 9. Qd2 O-O 10. O-O-O Nbd7 11. g4 b5 12. g5 b4 13. Ne2 Ne8 14.
f4 a5 15. f5 a4 16. Nbd4 exd4 17. Nxd4 b3 18. Kb1 bxc2+ 19. Nxc2 Bb3 20. axb3 axb3 21.
Nd4 Ra1+ 22. Kxa1 Qa8+ 23. Kb1 Qa2+ 0-1

[Event "*** Titled Tuesday Blitz"]
[Site "Chess.com"]
[Date "2019.08.06"]
[Round "2"]
[White "WeAintSurePal"]
[Black "Nathan_Filgueiras"]
[Result "1-0"]
[WhiteElo "2311"]
[BlackElo "2212"]
[TimeControl "180+2"]
[EndTime "13:17:19 PDT"]
[Termination "WeAintSurePal won by resignation"]

1. Nf3 Nf6 2. b3 b6 3. Bb2 Bb7 4. c4 e6 5. e3 Be7 6. Be2 O-O 7. O-O d5 8. d4 Nbd7 9. Nc3 c5 10. cxd5 Nxd5 11.
Rc1 cxd4 12. Nxd4 N7f6 13. Bf3 Rc8 14. Nxd5 Bxd5 15. Rxc8 Qxc8 16. Bxd5 Nxd5 17. Nf5 Bf6 18. Bxf6 gxf6 19. Qg4+ 1-0

[Event "*** Titled Tuesday Blitz"]
[Site "Chess.com"]
[Date "2019.08.06"]
[Round "2"]
[White "Litti"]
[Black "smshk35"]
[Result "0-1"]
[WhiteElo "2474"]
[BlackElo "2340"]
[TimeControl "180+2"]
[EndTime "13:17:42 PDT"]
[Termination "smshk35 won by resignation"]

1. e4 c5 2. Nf3 Nc6 3. d4 cxd4 4. Nxd4 Qb6 5. Nb3 Nf6 6. Nc3 e6 7. Qe2 Bb4 8. Bd2 O-O 9. f4 e5 10. f5 Bxc3 11. Bxc3 d5 12. exd5 Nxd5 13. Bd2 Bxf5 14. O-O-O Ndb4 15. a3 Na2+ 16. Kb1 Qxb3 17. Bg5 Nc3+ 18.
Kc1 Nxe2+ 0-1

[Event "*** Titled Tuesday Blitz"]
[Site "Chess.com"]
[Date "2019.08.06"]
[Round "2"]
[White "bascheyaro"]
[Black "kesarev"]
[Result "0-1"]
[WhiteElo "2700"]
[BlackElo "2467"]
[TimeControl "180+2"]
[EndTime "13:18:19 PDT"]
[Termination "kesarev won by checkmate"]

1. d4 g6 2. Nf3 Bg7 3. c4 Nf6 4. Nc3 O-O 5. Bf4 c5 6. e3 d5 7.
dxc5 Qa5 8. Be5 dxc4 9. Bxc4 Nc6 10. O-O Nxe5 11. Nxe5 Qxc5 12. Qd4 Qxd4 13. exd4 e6 14. f4 a6 15. d5 b5 16. Bb3 b4 17.
dxe6 bxc3 18. e7 cxb2 19. exf8=Q+ Bxf8 20. Rab1 Ba3 21. Nxf7 Kg7 22. Ne5 Bf5 23. Nc4 Bc5+ 24. Kh1 Bxb1 25. Rxb1 Ng4 26. g3 Re8 27. Nxb2 Re2 28.
Nd3 Rxh2# 0-1

[Event "*** Titled Tuesday Blitz"]
[Site "Chess.com"]
[Date "2019.08.06"]
[Round "2"]
[White "Gubajdullin"]
[Black "chickencrossroad"]
[Result "1-0"]
[WhiteElo "2590"]
[BlackElo "2495"]
[TimeControl "180+2"]
[EndTime "13:18:21 PDT"]
[Termination "Gubajdullin won by checkmate"]

1. d4 Nf6 2. Bf4 d5 3. e3 c5 4.
c3 Qb6 5. Qb3 c4 6. Qc2 Nc6 7.
Nd2 g6 8. e4 Nxe4 9. Nxe4 Bf5 10. f3 Na5 11. g4 dxe4 12. gxf5 gxf5 13. fxe4 fxe4 14. O-O-O f5 15. d5 Rg8 16. Ne2 O-O-O 17. Bh3 Qf6 18. Qxe4 Rd6 19. Qxf5+ Kd8 20. Qc8# 1-0

[Event "*** Titled Tuesday Blitz"]
[Site "Chess.com"]
[Date "2019.08.06"]
[Round "2"]
[White "Guriempire"]
[Black "sergoy"]
[Result "0-1"]
[WhiteElo "2616"]
[BlackElo "2848"]
[TimeControl "180+2"]
[EndTime "13:18:33 PDT"]
[Termination "sergoy won by resignation"]

1. Nf3 d5 2. g3 Nf6 3. Bg2 g6 4. c4 d4 5. O-O Bg7 6. d3 c5 7. e3 Nc6 8. exd4 cxd4 9. a3 a5 10.
Bg5 O-O 11. Re1 Nd7 12. Qc1 Nc5 13. Qc2 h6 14. Bc1 Bf5 15. Bf1 e5 16. Nh4 Bg4 17. Nd2 g5 18. Ne4 Nxe4 19. Rxe4 f5 20. Rxg4 fxg4 21.
Ng2 e4 22. dxe4 Ne5 23. Ne1 Qf6 24. Be2 0-1

[Event "*** Titled Tuesday Blitz"]
[Site "Chess.com"]
[Date "2019.08.06"]
[Round "2"]
[White "krzyzan94"]
[Black "nOcHeaTiNgKiD"]
[Result "1-0"]
[WhiteElo "2764"]
[BlackElo "2445"]
[TimeControl "180+2"]
[EndTime "13:18:51 PDT"]
[Termination "krzyzan94 won by resignation"]

1. d4 Nf6 2. Nc3 d5 3. Bf4 a6 4.
Qd3 g6 5. e4 dxe4 6. Nxe4 Bg7 7. O-O-O Bf5 8. Nxf6+ Bxf6 9. Qf3 Nc6 10. c3 O-O 11. g4 Bd7 12. h4 Qc8 13. Bh3 e5 14. Bh6 Bg7 15. Bxg7 Kxg7 16. h5 f6 17. hxg6 hxg6 18.
Ne2 exd4 19. cxd4 Nb4 20. d5 c5 21. g5 Bxh3 22. Rxh3 Qf5 23. Qxf5 gxf5 24. a3 fxg5 25. axb4 cxb4 26. Rg1 Kf6 27. Rh6+ Ke5 28. Rxg5 Kxd5 29.
Ng3 Rac8+ 30. Kd2 b3 31. Nxf5 Rc2+ 32. Kd3 1-0